 Dungeon Crawl Stone Soup version 0.21-a0-472-g223bcb9 (webtiles) character file.

41 slep the Skirmisher (level 3, -2/29 HPs)
             Began as a Demonspawn Monk on Nov 21, 2017.
             Slain by a worm (9 damage)
             ... on level 2 of the Dungeon.
             The game lasted 00:03:24 (908 turns).

slep the Skirmisher (Demonspawn Monk)                Turns: 908, Time: 00:03:24

Health: -2/29      AC:  2    Str: 11    XL:     3   Next: 32%
Magic:  3/3        EV: 15    Int: 11    God:
Gold:   72         SH:  0    Dex: 16    Spells: 2/2 levels left

rFire    . . .     SeeInvis .   a - +0 falchion
rCold    . . .     Gourm    .   (no shield)
rNeg     . . .     Faith    .   b - +0 robe
rPois    .         Spirit   .   (no helmet)
rElec    .         Reflect  .   (no cloak)
rCorr    .         Harm     .   (no gloves)
MR       .....                  (no boots)
Stlth    +.........             (no amulet)
HPRegen  0.09/turn              g - ring of loudness (curse)
MPRegen  0.08/turn              (no ring)

@: no status effects
A: claws 1, repulsion field 1
a: no special abilities


You were on level 2 of the Dungeon.
You were not hungry.

You visited 1 branch of the dungeon, and saw 2 of its levels.

You collected 72 gold pieces.

Inventory:

Hand Weapons
 a - a +0 falchion (weapon)
Armour
 b - a +0 robe (worn)
Jewellery
 g - a cursed ring of loudness (left claw)
Scrolls
 d - a scroll of noise {unknown}
 e - 3 scrolls of identify {unknown}
Potions
 f - a potion of berserk rage {unknown}
 h - a potion of curing {unknown}
 j - a potion of degeneration {unknown}
Comestibles
 c - a bread ration
 k - 3 fruits


   Skills:
 + Level 3.4 Fighting
 + Level 3.2 Long Blades
 + Level 3.0 Dodging
 + Level 2.0 Stealth


You had 2 spell levels left.
You didn't know any spells.

Dungeon Overview and Level Annotations

Branches:
Dungeon (2/15)

Altars:


Innate Abilities, Weirdness & Mutations

You have sharp fingernails.
You are surrounded by a mild repulsion field. (EV +2)


Message History

You barely miss the rat. The rat closely misses you.
You hit the rat but do no damage. The rat bites you.
* * * LOW HITPOINT WARNING * * *
You hit the rat.
You kill the rat!
You hit the worm.
The worm is moderately wounded.
You hit the worm.
The worm is moderately wounded.
The worm closely misses you.
You hit the worm but do no damage.
The worm is moderately wounded.
The worm barely misses you.
You riposte.
You hit the worm but do no damage.
The worm is moderately wounded.
You hit the worm.
The worm is heavily wounded.
You hit the worm.
The worm is heavily wounded.
The worm bites you!
You die...

# #######
###'######.....#
...(....##.....#
....(.(.##$....#
........w@.....+
..
......^(###....#
.... #########
#....#####....
#............
#..........#
#.###†.....#
...# #......#
##### #......#
#......#


You could see a worm.

Vanquished Creatures
  An adder (D:2)
  2 leopard geckos (D:2)
  2 giant cockroaches (D:1)
  5 goblins
  3 hobgoblins
  3 jackals (D:2)
  A quokka (D:2)
  A ball python (D:1)
  4 bats
  2 frilled lizards (D:1)
  4 rats
28 creatures vanquished.

Notes
Turn   | Place    | Note
-------+----------+-------------------------------------------
     0 | D:1      | slep the Demonspawn Monk began the quest for the Orb.
     0 | D:1      | Reached XP level 1. HP: 18/18 MP: 1/1
   219 | D:1      | Gained mutation: You have sharp fingernails. [demonic ancestry]
   219 | D:1      | Reached XP level 2. HP: 19/24 MP: 2/2
   854 | D:2      | Gained mutation: You are surrounded by a mild repulsion field. (EV +2) [demonic ancestry]
   854 | D:2      | Reached XP level 3. HP: 8/29 MP: 3/3
   908 | D:2      | Slain by a worm

Vault maps used:
D:1:      wheals_arrival_linesprint, minmay_close_crescents
D:2:      lightli_temple_of_fire, minmay_item_behind_shaft, serial_bayou_pond_d,
          corexii_item_surrounded_by_moat, uniq_sigmund

Skill      XL: |  1  2  3 |
---------------+----------+-----
Long Blades    | 3 |  3.2
Dodging        | 3 |  3.0
Stealth        | 2 |  2.0
Fighting       | |  3.4

Action                   || total
-------------------------++-------
Melee: Falchion          ||    96
Throw: Javelin           ||     6
 Stab: Sleeping          ||     2
Armor: Robe              ||    23
Dodge: Dodged            ||    94
       Rpst.: Falchion   ||    28

Table legend:
 A = Spawn XP
 B = Non-spawn XP
 C = Spawn XP percentage of total XP
 D = Spawn monster count
 E = Non-spawn monster count
 F = Spawn count percentage of total count
 G = Total turns spent on level
                    A         B        C        D         E        F      G
               +---------+---------+-------+---------+---------+-------+---------
         Total |       0 |      59 |   0.0 |       0 |      28 |   0.0 |   908
               +---------+---------+-------+---------+---------+-------+---------
           D:1 |       0 |      23 |   0.0 |       0 |      16 |   0.0 |   625
           D:2 |       0 |      36 |   0.0 |       0 |      12 |   0.0 |   283
               +---------+---------+-------+---------+---------+-------+---------
